Map: Moonlight Madness LE (Void)

Players

wabbajack

  • Race: Zerg Zerg
  • League: Gold

Cialis - Winner!

  • Race: Zerg Zerg
  • League: Gold

VOD

Have the link to the VOD?

Description

Time

  • Played on: July 19, 2015, 7:56 p.m.
  • Length: 4:34
Show
View Real Time Build Order
Export as new Build Order

wabbajack Zerg 

Build Orders: Hatch First 

Get SALT Encoding   

  12  0:01  Drone  
  13  0:13  Overlord  
  13  0:30  Drone  
  13  0:32  Drone x2, Extractor  
  16  0:46  Drone  
  17  0:58  Drone  
  17  1:01  Extractor  
  17  1:03  Hatchery, Drone  
  17  1:18  Spawning Pool  
  16  1:22  Drone  
  17  1:27  Drone  
  18  1:42  Overlord  
  18  1:46  Drone  
  19  2:04  Queen  
  19  2:06  Metabolic Boost  
  21  2:09  Drone  
  21  2:12  Zergling x2  
  23  2:26  Drone x3  
  26  2:32  Roach Warren  
  25  2:37  Zergling x4  
  25  2:40  Zergling x2  
  28  2:56  Drone  
  28  2:57  Drone  
  30  2:58  Drone  
  30  3:04  Drone  
  32  3:06  Spine Crawler  
  31  3:18  Queen  
  33  3:22  Overlord x2  
  33  3:26  Overlord  
  30  3:42  Roach x3  
  30  3:43  Roach x3  
Show
View Real Time Build Order
Export as new Build Order

Cialis Zerg - Winner!

Build Orders: Pool First 

Get SALT Encoding   

  12  0:01  Drone  
  13  0:10  Drone  
  14  0:26  Spawning Pool  
  13  0:30  Extractor  
  13  0:32  Drone  
  13  0:35  Drone  
  14  0:53  Overlord  
  14  1:15  Hatchery  
  14  1:18  Drone  
  14  1:23  Drone  
  15  1:28  Drone  
  16  1:37  Metabolic Boost  
  16  1:51  Queen  
  18  1:55  Drone  
  18  1:59  Drone  
  20  2:07  Overlord  
  20  2:10  Drone  
  21  2:32  Baneling Nest, Zergling x2  
  21  2:33  Zergling x4  
  23  2:38  Zergling x2  
  23  2:42  Zergling x2  
  25  2:46  Queen  
  25  2:50  Drone  
  28  2:56  Zergling x2  
  29  2:58  Zergling x2  
  29  3:01  Drone  
  31  3:07  Overlord  
  31  3:10  Drone  
  32  3:23  Drone x2  
  34  3:29  Drone x2  
  36  3:35  Baneling x2  
  36  3:36  Baneling  
  35  4:01  Zergling x14  
  35  4:17  Zergling x4  
Tags
 
Add a new tag
Caveats
  • Supply blocks, unpowered buildings, or Contaminate may cause inaccurate times.
  • Supply counts are checked every 10 seconds.